[Event "48th Continental Open"]
[Site "Sturbridge, MA"]
[Date "2018.08.18"]
[Round "6.11"]
[White "Tanenbaum, Zachary"]
[Black "Luo, Terry"]
[Result "1/2-1/2"]
[ECO "C44"]
[WhiteElo "2133"]
[BlackElo "1793"]
[PlyCount "83"]
[EventDate "2018.08.??"]
[EventType "swiss"]
[EventRounds "9"]
[EventCountry "USA"]
[TimeControl "6000+10"]
[WhiteClock "0:05:11"]
[BlackClock "0:31:28"]

1. e4 e5 2. Nf3 Nc6 3. d4 exd4 4. Bc4 Nf6 5. e5 d5 6. Bb5 Nd7 7. O-O Be7 8. Bxc6 bxc6 9. Nxd4 Bb7 10. Re1 O-O 11. Qg4 Re8 12. e6 Nf8 13. Nf5 Ng6 14. exf7+ Kxf7 15. Nxe7 Rxe7 16. Rxe7+ Qxe7 17. Be3 c5 18. Nd2 d4 19. Bg5 Qe6 20. Qg3 Qd6 21. Qxd6 cxd6 22. Nc4 Ke6 23. Re1+ Kd5 24. b3 Ba6 25. Nb2 Rb8 26. f3 c4 27. Rd1 c3 28.
Na4 Rc8 29. Be3 d3 30. cxd3 c2 31. Rc1 Ne5 32. Nb2 Nxd3 33. Nxd3 Bxd3 34. Kf2 a5 35. Ke1 Bg6 36. Bb6 Ra8 37. Kd2 a4 38. b4 Kc4 39. Bc7 d5 40.
Be5 Kxb4 41. Bxg7 Kc4 42. Re1 1/2-1/2

[Event "48th Continental Open"]
[Site "Sturbridge, MA"]
[Date "2018.08.18"]
[Round "6.13"]
[White "Barash, Anton"]
[Black "Torres, Yelfry"]
[Result "1-0"]
[ECO "B56"]
[WhiteElo "1972"]
[BlackElo "2120"]
[PlyCount "57"]
[EventDate "2018.08.??"]
[EventType "swiss"]
[EventRounds "9"]
[EventCountry "USA"]
[TimeControl "6000+10"]
[WhiteClock "0:31:08"]
[BlackClock "0:20:16"]

1. e4 c5 2. Nf3 d6 3. d4 cxd4 4. Nxd4 Nf6 5. Nc3 Nc6 6. Be3 e5 7. Nf3 Be7 8. Bc4 h6 9. h3 a6 10. Qd2 b5 11. Bd5 Bb7 12. O-O b4 13. Na4 O-O 14. a3 a5 15. axb4 Nxd5 16. exd5 Nxb4 17. Nb6 Ra6 18. c3 e4 19. cxb4 axb4 20. Rxa6 exf3 21. Ra7 fxg2 22. Rc1 Bf6 23. Rxb7 Be5 24. Bf4 Qh4 25. Bxe5 dxe5 26. Qe3 Kh7 27. Rcc7 Qh5 28. Qe4+ Kg8 29. Qg4 1-0

[Event "48th Continental Open"]
[Site "Sturbridge, MA"]
[Date "2018.08.18"]
[Round "6.15"]
[White "Taylor, Steven"]
[Black "Bader, Jeremy"]
[Result "0-1"]
[ECO "E98"]
[WhiteElo "2081"]
[BlackElo "1845"]
[PlyCount "56"]
[EventDate "2018.08.??"]
[EventType "swiss"]
[EventRounds "9"]
[EventCountry "USA"]
[TimeControl "6000+10"]
[WhiteClock "0:01:20"]
[BlackClock "0:43:10"]

1. Nf3 Nf6 2. c4 g6 3. Nc3 Bg7 4. e4 d6 5. d4 O-O 6. Be2 e5 7. O-O Nc6 8. d5 Ne7 9. Ne1 Nd7 10. Be3 f5 11. f3 f4 12. Bf2 Nf6 13.
c5 g5 14. cxd6 cxd6 15. Rc1 Ng6 16. Nb5 Rf7 17. Qc2 Ne8 18.
Nd3 Bf8 19. a4 Rg7 20. b4 h5 21. Nxa7 Bd7 22. Nc6 Qf6 23. Rfd1 g4 24. Kf1 Nh4 25. b5 Nxg2 26. Qb3 g3 27. hxg3 fxg3 28. Kxg2 Qh4 0-1

[Event "48th Continental Open"]
[Site "Sturbridge, MA"]
[Date "2018.08.18"]
[Round "6.16"]
[White "Falcao, Wesley"]
[Black "Belous, Nicholas"]
[Result "1-0"]
[ECO "C11"]
[WhiteElo "2148"]
[BlackElo "1852"]
[PlyCount "113"]
[EventDate "2018.08.??"]
[EventType "swiss"]
[EventRounds "9"]
[EventCountry "USA"]
[TimeControl "6000+10"]
[WhiteClock "0:02:17"]
[BlackClock "0:02:24"]

1. e4 e6 2. d4 d5 3. Nc3 Nf6 4. Bg5 dxe4 5. Nxe4 Be7 6. Bxf6 Bxf6 7. Nf3 O-O 8. Bd3 Nd7 9. O-O Re8 10. c3 Nf8 11. Ne5 Bxe5 12. dxe5 b6 13.
Qg4 Ng6 14. Rad1 Qh4 15. Qxh4 Nxh4 16. Bb5 Rf8 17. Bc6 Rb8 18. f4 Ng6 19. g3 Ne7 20. Bb5 a6 21. Ba4 Bb7 22. Bc2 Rbd8 23.
Ng5 Ng6 24. h4 Bd5 25. h5 h6 26. Nxf7 Rxf7 27. hxg6 Rfd7 28. a3 Bc4 29. Rxd7 Rxd7 30. Rd1 Rxd1+ 31. Bxd1 Bd3 32. Bg4 Bc4 33. Kf2 a5 34. Ke3 Kf8 35. Kd4 Bb3 36. c4 Ke7 37. Kc3 Ba4 38. c5 Bc6 39. cxb6 cxb6 40. Kc4 Kd7 41. Be2 Kc7 42. g4 Kd7 43. Kd4 Ke7 44. f5 Be8 45.
Bc4 exf5 46. gxf5 h5 47. Ke3 h4 48. Kf4 h3 49. Kg3 Bd7 50.
Bd3 Bc6 51. Kxh3 Bd5 52. Kg3 Bb3 53. Kf4 Bd5 54. Ke3 Bc6 55.
Bc4 Bd7 56. f6+ Kf8 57. e6 1-0

[Event "48th Continental Open"]
[Site "Sturbridge, MA"]
[Date "2018.08.18"]
[Round "6.17"]
[White "Li, Jerry"]
[Black "Riddell, John"]
[Result "1/2-1/2"]
[ECO "B42"]
[WhiteElo "1943"]
[BlackElo "2103"]
[PlyCount "57"]
[EventDate "2018.08.??"]
[EventType "swiss"]
[EventRounds "9"]
[EventCountry "USA"]
[TimeControl "6000+10"]
[WhiteClock "0:20:21"]
[BlackClock "0:10:01"]

1. e4 c5 2. Nf3 e6 3. d4 cxd4 4. Nxd4 a6 5. Bd3 d5 6. O-O dxe4 7. Bxe4 Nf6 8. Bf3 Be7 9. Bf4 O-O 10.
c3 Nbd7 11. Bg3 Re8 12. Nd2 Bf8 13. Ne4 Nxe4 14. Bxe4 Nf6 15. Bf3 e5 16. Nb3 Qb6 17. Qc2 g6 18. Rad1 Bf5 19. Qc1 Ne4 20.
Bxe4 Bxe4 21. Rfe1 f5 22. Kh1 Bg7 23. f3 Bc6 24. Qc2 e4 25.
f4 Rad8 26. Rxd8 Rxd8 27. Bf2 Qc7 28. Be3 Ba4 29. Rd1 1/2-1/2

[Event "48th Continental Open"]
[Site "Sturbridge, MA"]
[Date "2018.08.18"]
[Round "6.19"]
[White "Procyk, Marijan"]
[Black "Wu, Brandon"]
[Result "0-1"]
[ECO "D87"]
[WhiteElo "1940"]
[BlackElo "1980"]
[PlyCount "59"]
[EventDate "2018.08.??"]
[EventType "swiss"]
[EventRounds "9"]
[EventCountry "USA"]
[TimeControl "6000+10"]
[WhiteClock "1:00:13"]
[BlackClock "0:10:45"]

1. d4 Nf6 2. c4 g6 3. Nc3 d5 4. cxd5 Nxd5 5. e4 Nxc3 6. bxc3 Bg7 7. Bc4 c5 8. Ne2 O-O 9. Be3 Nc6 10.
O-O Qc7 11. Rc1 b6 12. dxc5 bxc5 13. Bxc5 Rd8 14. Qa4 Ne5 15. Bd5 Rxd5 16. exd5 Qxc5 17. Qe8+ Bf8 18. c4 Bb7 19. Qa4 Rc8 20. Rc3 Nxc4 21. Rfc1 Qxd5 22. Nf4 Qd2 23. g3 Nb6 24. Qc2 Qd4 25. Rxc8 Nxc8 26. Rd1 Qf6 27. Qb3 Qc6 28. Kf1 e5 29. Nd5 Nb6 30. Nxb6 0-1

[Event "48th Continental Open"]
[Site "Sturbridge, MA"]
[Date "2018.08.18"]
[Round "6.22"]
[White "Yu, Alex"]
[Black "Song, Alan"]
[Result "1/2-1/2"]
[ECO "B48"]
[WhiteElo "1852"]
[BlackElo "2043"]
[PlyCount "90"]
[EventDate "2018.08.??"]
[EventType "swiss"]
[EventRounds "9"]
[EventCountry "USA"]
[TimeControl "6000+10"]
[WhiteClock "0:00:59"]
[BlackClock "0:03:43"]

1. e4 c5 2. Nf3 e6 3. d4 cxd4 4. Nxd4 Nc6 5. Nc3 Qc7 6. Be3 a6 7. f3 Nf6 8. Qd2 b5 9. O-O-O Bb7 10. g4 h6 11. h4 b4 12. Na4 Ne5 13. Be2 d5 14. g5 hxg5 15. hxg5 Rxh1 16. Rxh1 Nfd7 17. f4 Nc6 18. g6 O-O-O 19. e5 Nxd4 20. Qxd4 fxg6 21. Rg1 Bc6 22. Bxa6+ Kb8 23. b3 Bxa4 24. bxa4 Bc5 25. Qd3 Bxe3+ 26. Qxe3 Nc5 27. Bb5 d4 28. Qf3 d3 29. Qc6 Qxc6 30. Bxc6 d2+ 31. Kd1 Kc7 32. Bb5 Kb6 33. Rxg6 Rf8 34. Kxd2 Rxf4 35. Rxg7 Rf5 36. Rg4 Ka5 37. c3 bxc3+ 38. Kxc3 Rxe5 39. Rg2 Rh5 40. Kd4 Rd5+ 41. Kc4 Ne4 42. Rg8 Nd6+ 43. Kc3 Rd1 44. Bd3 Rc1+ 45. Bc2 Rh1 1/2-1/2

[Event "48th Continental Open"]
[Site "Sturbridge, MA"]
[Date "2018.08.18"]
[Round "6.23"]
[White "Sage, J Timothy"]
[Black "Zhao, Jeffrey Renfei"]
[Result "0-1"]
[ECO "D53"]
[WhiteElo "2036"]
[BlackElo "1827"]
[PlyCount "130"]
[EventDate "2018.08.??"]
[EventType "swiss"]
[EventRounds "9"]
[EventCountry "USA"]
[TimeControl "6000+10"]
[WhiteClock "0:00:49"]
[BlackClock "0:00:16"]

1. d4 d5 2. c4 e6 3. Nc3 Nf6 4. Bg5 Be7 5. e3 b6 6. Nf3 Bb7 7. cxd5 exd5 8. Bb5+ c6 9. Bd3 O-O 10. O-O Nbd7 11. Qc2 Re8 12. Rad1 h6 13. Bf4 Nf8 14. Ne5 Ne6 15.
Bg3 Bd6 16. f4 c5 17. f5 Nf8 18. Bb5 Re7 19. Qf2 Rc8 20. Qf3 a6 21. Bd3 Qc7 22. Bb1 N8d7 23. Nxd7 Qxd7 24. Bh4 Kh7 25. Qh3 Rce8 26. Rf3 cxd4 27. exd4 Qc7 28. g4 Rd7 29. g5 Ne4 30. g6+ fxg6 31. fxg6+ Kg8 32. Rdf1 Bc8 33. Qg2 Qc4 34. Rd1 Be7 35. Bf2 Bf6 36. Bc2 Bb7 37. Bb3 Qc7 38. Ne2 Nxf2 39. Qxf2 Rde7 40. Nc3 Qd6 41. Rf5 Bh4 42. Qxh4 Qxg6+ 43. Qg3 Qxf5 44. Rf1 Qe6 45. Rf2 Qe3 46. Nxd5 Qxg3+ 47. hxg3 Bxd5 48. Bxd5+ Kh8 49. Bc6 Re1+ 50.
Kg2 R8e2 51. d5 Kg8 52. Bd7 Rxf2+ 53. Kxf2 Re5 54. Bc8 a5 55. d6 Kf8 56. Bb7 Re6 57. d7 Ke7 58. Bc8 Rc6 59. Ke3 Rc2 60.
b3 Rxa2 61. Kd4 Rg2 62. Kd5 Rxg3 63. Kc6 Rxb3 64. Kc7 Rc3+ 65. Kb7 a4 0-1

[Event "48th Continental Open"]
[Site "Sturbridge, MA"]
[Date "2018.08.18"]
[Round "6.24"]
[White "Cui, Cynthia"]
[Black "Finnerman, David"]
[Result "1-0"]
[ECO "A39"]
[WhiteElo "1798"]
[BlackElo "1735"]
[PlyCount "99"]
[EventDate "2018.08.??"]
[EventType "swiss"]
[EventRounds "9"]
[EventCountry "USA"]
[TimeControl "6000+10"]
[WhiteClock "0:02:51"]
[BlackClock "0:47:21"]

1. c4 Nf6 2. Nc3 g6 3. g3 Bg7 4. Bg2 O-O 5. Nf3 c5 6. O-O Nc6 7. d4 d6 8. dxc5 dxc5 9. Bf4 Be6 10. Ne5 Nh5 11. Nxc6 bxc6 12. Bd2 Bxc4 13. Bxc6 Rb8 14. b3 Rb6 15. bxc4 Rxc6 16. Qc2 Nf6 17. Rfd1 Qd4 18. Qa4 Re6 19. Rac1 Qg4 20. Qxa7 Qh3 21. Qb7 Ng4 22. Qg2 Qh5 23. Nd5 g5 24. Ne3 Nh6 25. g4 Qg6 26. Bc3 f5 27.
Bxg7 Kxg7 28. gxf5 Nxf5 29. Nxf5+ Rxf5 30. e3 Ref6 31. Rd2 Qf7 32. Rd5 e6 33. Rxf5 Rxf5 34. Rb1 Kg6 35. Rb7 Qf6 36. Rb1 Qe5 37. Qf1 Qe4 38. Rc1 Qg4+ 39. Qg2 Qh5 40. Kh1 Qh4 41. f4 e5 42. Qc6+ Kh5 43. Qe8+ Kg4 44. Rg1+ Kf3 45. Qd7 Rf6 46. Qd1+ Ke4 47. Qd5+ Kxe3 48. Qxe5+ Kf2 49. Qxf6 Qh5 50. fxg5+ 1-0

[Event "48th Continental Open"]
[Site "Sturbridge, MA"]
[Date "2018.08.19"]
[Round "7.1"]
[White "Barbosa, Oliver"]
[Black "Baryshpolets, Andrey"]
[Result "1/2-1/2"]
[ECO "D56"]
[WhiteElo "2545"]
[BlackElo "2609"]
[PlyCount "27"]
[EventDate "2018.08.??"]
[EventType "swiss"]
[EventRounds "9"]
[EventCountry "USA"]
[TimeControl "6000+10"]
[WhiteClock "1:27:12"]
[BlackClock "1:06:29"]

1. d4 d5 2. Nf3 Nf6 3. c4 e6 4. Bg5 Be7 5. Nc3 h6 6. Bh4 O-O 7. e3 Ne4 8. Bxe7 Qxe7 9. Rc1 c6 10. Bd3 Nxc3 11. Rxc3 dxc4 12. Bxc4 Nd7 13. O-O b6 14. Qe2 1/2-1/2

[Event "48th Continental Open"]
[Site "Sturbridge, MA"]
[Date "2018.08.19"]
[Round "7.3"]
[White "Mulyar, Michael"]
[Black "Vorontsov, Pavlo"]
[Result "0-1"]
[ECO "D30"]
[WhiteElo "2374"]
[BlackElo "2578"]
[PlyCount "92"]
[EventDate "2018.08.??"]
[EventType "swiss"]
[EventRounds "9"]
[EventCountry "USA"]
[TimeControl "6000+10"]
[WhiteClock "0:16:31"]
[BlackClock "0:00:04"]

1. d4 Nf6 2. Nf3 e6 3. c4 d5 4. Bg5 h6 5. Bxf6 Qxf6 6. Nbd2 Nc6 7. e3 g5 8. cxd5 exd5 9. Bb5 Bd6 10. O-O O-O 11. Bxc6 bxc6 12. Nb3 Bg4 13. Rc1 Rfb8 14. Qe2 a5 15. Nc5 Bxf3 16. gxf3 Re8 17. Rc2 h5 18. Nb7 Bf8 19. Rfc1 Re6 20. Nc5 Bxc5 21. Rxc5 Kh8 22. Kh1 a4 23. Rg1 Rb8 24. f4 g4 25. Qc2 Rb5 26. Rxb5 cxb5 27. Qxc7 Rc6 28. Qb8+ Kh7 29. Qxb5 Qf5 30. Rd1 Rc2 31. Kg1 h4 32. h3 gxh3 33. Qd3 Qxd3 34. Rxd3 Rxb2 35. Ra3 Kg6 36. Kh2 Rxf2+ 37. Kxh3 Kh5 38. Rxa4 Rf3+ 39. Kg2 Kg4 40. Ra8 h3+ 41. Kh2 Rxe3 42. Rg8+ Kxf4 43. a4 Ra3 44. a5 f5 45. Re8 Rxa5 46. Kxh3 Ra4 0-1

[Event "48th Continental Open"]
[Site "Sturbridge, MA"]
[Date "2018.08.19"]
[Round "7.4"]
[White "Corrales Jimenez, Fidel"]
[Black "Isakov, Michael"]
[Result "1-0"]
[ECO "B90"]
[WhiteElo "2542"]
[BlackElo "2163"]
[PlyCount "55"]
[EventDate "2018.08.??"]
[EventType "swiss"]
[EventRounds "9"]
[EventCountry "USA"]
[TimeControl "6000+10"]
[WhiteClock "0:43:59"]
[BlackClock "0:19:01"]

1. e4 c5 2. Nf3 d6 3. d4 cxd4 4. Nxd4 Nf6 5. Nc3 a6 6. a4 e6 7. Be2 Be7 8. O-O O-O 9. Be3 Nc6 10. f4 Qc7 11. Qe1 Bd7 12. Qg3 Rfd8 13.
Kh1 Bf8 14. f5 Nxd4 15. Bxd4 e5 16. Be3 Bc6 17. Bg5 Nxe4 18.
Nxe4 Bxe4 19. Bxd8 Rxd8 20. c4 d5 21. cxd5 Rxd5 22. Rac1 Qd7 23. f6 g6 24. Bf3 Bxf3 25. Qxf3 Bc5 26. Rfd1 Rxd1+ 27. Qxd1 Bd4 28. Qd2 1-0

[Event "48th Continental Open"]
[Site "Sturbridge, MA"]
[Date "2018.08.19"]
[Round "7.5"]
[White "Kumar, Aravind"]
[Black "Otchiyev, Arslan"]
[Result "1/2-1/2"]
[ECO "D10"]
[WhiteElo "2169"]
[BlackElo "2333"]
[PlyCount "164"]
[EventDate "2018.08.??"]
[EventType "swiss"]
[EventRounds "9"]
[EventCountry "USA"]
[TimeControl "6000+10"]
[WhiteClock "0:00:06"]
[BlackClock "1:30:01"]

1. d4 d5 2. c4 c6 3. Nc3 Nf6 4. e3 a6 5. Qc2 g6 6. Bd3 Bg7 7. Nf3 b5 8. b3 Nbd7 9. O-O O-O 10. Bb2 Rb8 11. Rac1 Re8 12. cxd5 cxd5 13. Ne2 Bb7 14. Qc7 Nf8 15. Nf4 Bh6 16. g3 Qxc7 17. Rxc7 g5 18. Ne2 Ne6 19. Rc2 Rec8 20. Rfc1 Nd7 21. Bf5 Ndf8 22. Ne5 Bg7 23. Nc6 Bxc6 24. Rxc6 Rxc6 25. Rxc6 Ra8 26. Nc3 Nd8 27. Rc8 Rxc8 28. Bxc8 e6 29. b4 Nc6 30. a3 Nb8 31. a4 bxa4 32. Nxa4 Nfd7 33. Ba3 Bf8 34. Nc5 Nb6 35. Nxa6 Nc4 36. Nxb8 Nxa3 37. Na6 Bd6 38. Nc5 Kf8 39. Ba6 Ke7 40. Bd3 h6 41. Kf1 e5 42. Ke2 e4 43. Ba6 Nc2 44. b5 Bc7 45. Bb7 Kd6 46. Bc6 Na3 47.
f3 exf3+ 48. Kxf3 Nc4 49. Be8 Ke7 50. Bc6 Kd6 51. Ke2 Na5 52.
Nb7+ Nxb7 53. Bxb7 Ba5 54. Bc8 Kc7 55. Bg4 Kd6 56. Kd3 Bb6 57.
Bc8 Kc7 58. Bf5 Kd6 59. Bg4 Ba5 60. e4 dxe4+ 61. Kxe4 Bb6 62. Bh5 f5+ 63. Kxf5 Bxd4 64. Kg6 Bg1 65. h3 Ke7 66. Kxh6 Kf6 67.
Bf3 Bf2 68. h4 gxh4 69. g4 Be3+ 70. Kh5 h3 71. Kh4 h2 72.
Kg3 Bg1 73. Kf4 Bc5 74. g5+ Kg7 75. Kf5 Be3 76. Be4 Bd4 77.
Ke6 Be3 78. Kf5 Bd4 79. Bf3 Be3 80. Bc6 Bd4 81. Kg4 Be3 82.
Kf5 Bd4 1/2-1/2

[Event "48th Continental Open"]
[Site "Sturbridge, MA"]
[Date "2018.08.19"]
[Round "7.7"]
[White "Kim, Yoon-Young"]
[Black "Barash, Anton"]
[Result "0-1"]
[ECO "E05"]
[WhiteElo "2360"]
[BlackElo "1972"]
[PlyCount "111"]
[EventDate "2018.08.??"]
[EventType "swiss"]
[EventRounds "9"]
[EventCountry "USA"]
[TimeControl "6000+10"]
[WhiteClock "0:00:21"]
[BlackClock "0:02:33"]

1. d4 d5 2. c4 e6 3. Nf3 Nf6 4. g3 dxc4 5. Bg2 Nc6 6. Qa4 Bb4+ 7. Bd2 Nd5 8. Bxb4 Ndxb4 9. O-O a6 10. Ne5 O-O 11. Nxc6 Nxc6 12. Bxc6 bxc6 13. Qxc4 Rb8 14. b3 Qd6 15. Nc3 Rb4 16. Ne4 Qxd4 17. Qxd4 Rxd4 18. Nc5 Rd2 19. Rfe1 Rfd8 20. a4 Kf8 21. Rac1 a5 22. f4 Rb2 23. Kf2 Rdd2 24. Ke3 e5 25. Nd3 exf4+ 26. gxf4 Rbc2 27. Rxc2 Rxc2 28. Rc1 Rxc1 29. Nxc1 Ke7 30. Kd4 Kd6 31. Nd3 Ba6 32. Nc5 Bxe2 33. Nb7+ Kd7 34. Nxa5 f6 35. Nb7 g5 36. Nc5+ Kc8 37. Ke4 g4 38. Ke3 Bd1 39. Kf2 f5 40. Kg3 Kb8 41. Kh4 Ka7 42. a5 h6 43. b4 Be2 44. Ne6 Bc4 45. Nd4 Ka6 46. Nxf5 Kb5 47. Nxh6 Kxb4 48. f5 Kxa5 49. f6 c5 50. f7 Bxf7 51. Nxf7 Kb4 52. Kxg4 c4 53. Kf3 c3 54. Ke2 Kb3 55. Ne5 c5 56. Kd1 0-1

[Event "48th Continental Open"]
[Site "Sturbridge, MA"]
[Date "2018.08.19"]
[Round "7.8"]
[White "Bader, Jeremy"]
[Black "Mishra, Abhimanyu"]
[Result "0-1"]
[ECO "B47"]
[WhiteElo "1845"]
[BlackElo "2166"]
[PlyCount "80"]
[EventDate "2018.08.??"]
[EventType "swiss"]
[EventRounds "9"]
[EventCountry "USA"]
[TimeControl "6000+10"]
[WhiteClock "0:00:06"]
[BlackClock "0:20:13"]

1. e4 c5 2. Nf3 e6 3. d4 cxd4 4. Nxd4 Nc6 5. Nc3 Qc7 6. Ndb5 Qb8 7. Be3 a6 8. Bb6 axb5 9. Nxb5 Bb4+ 10. c3 Ba5 11. Nc7+ Qxc7 12. Bxc7 Bxc7 13. Bb5 Nge7 14. O-O O-O 15. Qe2 f5 16. f3 f4 17. Rfd1 Ne5 18.
Qf2 d6 19. c4 Bd7 20. Bxd7 Nxd7 21. Kh1 Nc6 22. b4 Nxb4 23. Qb2 Na6 24. Qxb7 Rfb8 25. Qc6 Ne5 26. Qa4 Nb4 27. Qb3 Nbd3 28. Rxd3 Rxb3 29. Rxb3 Nxc4 30. g3 d5 31. exd5 exd5 32. Kg2 Be5 33. Rc1 Rxa2+ 34. Kh3 Ra6 35. Rb7 Rg6 36. g4 h5 37. gxh5 Rg5 38. Rd7 Ne3 39. Kh4 Bf6 40. Rc8+ Kh7 0-1

[Event "48th Continental Open"]
[Site "Sturbridge, MA"]
[Date "2018.08.19"]
[Round "7.9"]
[White "Shanmugasundaram, Coimbatore"]
[Black "Luo, Terry"]
[Result "1-0"]
[ECO "A10"]
[WhiteElo "2147"]
[BlackElo "1793"]
[PlyCount "85"]
[EventDate "2018.08.??"]
[EventType "swiss"]
[EventRounds "9"]
[EventCountry "USA"]
[TimeControl "6000+10"]
[WhiteClock "0:07:23"]
[BlackClock "0:07:20"]

1. c4 g6 2. Nc3 Bg7 3. g3 Nf6 4. Bg2 O-O 5. Nf3 d6 6. O-O c5 7. a3 Nc6 8. Rb1 a5 9. d3 Bg4 10. h3 Bxf3 11. Bxf3 Nd7 12. Nb5 Qb6 13. Bd2 Rfb8 14. b4 axb4 15. axb4 cxb4 16. Bxb4 Nxb4 17. Rxb4 Ne5 18. Bg2 Nc6 19. Rb1 Qa5 20. e3 h5 21. d4 Qa2 22. Nc7 Ra7 23. Bxc6 Rc8 24. Nb5 bxc6 25. Nxa7 Qxa7 26. Qb3 c5 27. d5 Qd7 28. h4 Bf6 29. Qd1 Qf5 30. Qe2 Ra8 31. Rfc1 Kg7 32.
e4 Qh3 33. Rd1 Ra3 34. Rd3 Rxd3 35. Qxd3 Bxh4 36. Qf1 Qg4 37. Qd1 Qxd1+ 38. Rxd1 Bf6 39. Kg2 Bd4 40. Rb1 Kf6 41. Rb7 e6 42. f4 e5 43. Rd7 1-0

[Event "48th Continental Open"]
[Site "Sturbridge, MA"]
[Date "2018.08.19"]
[Round "7.10"]
[White "Genger, Eitan"]
[Black "Tanenbaum, Zachary"]
[Result "1/2-1/2"]
[ECO "D02"]
[WhiteElo "1903"]
[BlackElo "2133"]
[PlyCount "93"]
[EventDate "2018.08.??"]
[EventType "swiss"]
[EventRounds "9"]
[EventCountry "USA"]
[TimeControl "6000+10"]
[WhiteClock "0:00:31"]
[BlackClock "0:00:03"]

1. Nf3 d5 2. d4 Bf5 3. c4 e6 4. g3 c6 5. Bg2 Nd7 6. Nbd2 Ngf6 7. O-O Be7 8. b3 O-O 9. Bb2 Ne4 10. Ne1 Nxd2 11. Qxd2 Bf6 12. f3 Bg6 13. e4 dxe4 14. fxe4 e5 15. d5 Bg5 16. Qe2 cxd5 17. cxd5 Qb6+ 18. Kh1 Be3 19. Nc2 Bc5 20. Na3 Rfe8 21. Nc4 Qa6 22. Qe1 Bd4 23. Qd2 Nc5 24. Bxd4 Nxe4 25. Qb2 exd4 26. Qxd4 Nd6 27. Ne5 Nf5 28. Qf4 Qd6 29. Nxg6 hxg6 30. Qxd6 Nxd6 31. Bf3 Re7 32. Kg2 Rc8 33. Rac1 Rec7 34. Rxc7 Rxc7 35. Rf2 Kf8 36. Rd2 Ke7 37. Re2+ Kd8 38. Kf2 Rc3 39. Re3 Rc2+ 40. Re2 Rxe2+ 41. Kxe2 Kd7 42. Kd3 Ne8 43. Kd4 Kd6 44. Bg2 Nf6 45. Bf3 Nd7 46. Bg2 Ne5 47. h4 1/2-1/2

[Event "48th Continental Open"]
[Site "Sturbridge, MA"]
[Date "2018.08.19"]
[Round "7.11"]
[White "Tang, Jason"]
[Black "Graif, William"]
[Result "0-1"]
[ECO "B76"]
[WhiteElo "1908"]
[BlackElo "2123"]
[PlyCount "90"]
[EventDate "2018.08.??"]
[EventType "swiss"]
[EventRounds "9"]
[EventCountry "USA"]
[TimeControl "6000+10"]
[WhiteClock "0:06:55"]
[BlackClock "0:01:24"]

1. e4 c5 2. Nf3 d6 3. d4 cxd4 4. Nxd4 Nf6 5. Nc3 g6 6. Be3 Bg7 7. f3 O-O 8. Qd2 Nc6 9. O-O-O d5 10. Kb1 Nxd4 11. e5 Nf5 12. exf6 exf6 13. Bc5 d4 14. Bxf8 Qxf8 15. Nb5 Ne3 16. Re1 f5 17. f4 Qc5 18. c3 Be6 19. Nxd4 Nxf1 20. Rhxf1 Bd5 21. Nb3 Qc4 22. Rf2 a5 23. Rfe2 Be4+ 24. Rxe4 fxe4 25. Qe2 Qxe2 26. Rxe2 f5 27. a4 b6 28. Kc2 Kf7 29. Nd2 Rc8 30. Kb3 Ke6 31. Nc4 Bf8 32.
Ne3 Bc5 33. Kc2 h6 34. h4 Bd6 35. g3 g5 36. hxg5 hxg5 37. Rh2 gxf4 38. Rh6+ Ke5 39. gxf4+ Kxf4 40. Nxf5 Bf8 41. Nd6 Bxh6 42.
Nxc8 e3 43. Nd6 e2 44. Kd2 Kf3+ 45. Ke1 Bg5 0-1

[Event "48th Continental Open"]
[Site "Sturbridge, MA"]
[Date "2018.08.19"]
[Round "7.12"]
[White "Wu, Brandon"]
[Black "Falcao, Wesley"]
[Result "1-0"]
[ECO "A30"]
[WhiteElo "1980"]
[BlackElo "2148"]
[PlyCount "97"]
[EventDate "2018.08.??"]
[EventType "swiss"]
[EventRounds "9"]
[EventCountry "USA"]
[TimeControl "6000+10"]
[WhiteClock "0:02:45"]
[BlackClock "0:00:26"]

1. Nf3 c5 2. c4 Nf6 3. g3 b6 4. Bg2 Bb7 5. O-O e6 6. Nc3 Be7 7. Re1 d6 8. e4 e5 9. Rb1 Nc6 10. d3 O-O 11. a3 Bc8 12. h3 Bd7 13.
b4 Rc8 14. Bd2 Be6 15. Nd5 Qd7 16. Kh2 Ne8 17. Qa4 Bd8 18. g4 h6 19. bxc5 dxc5 20. Qc2 g5 21. Bc3 f6 22. Ne3 Rf7 23. Nf5 Rh7 24. Nd2 Bc7 25.
Kg1 h5 26. Nf1 Bd8 27. N1g3 hxg4 28. hxg4 Bf7 29. f3 Nc7 30. Kf2 Ne6 31. Rh1 Bg6 32. Rxh7 Bxh7 33. Ne3 Nf4 34. Nd5 Bg6 35. Rh1 Kg7 36. Nf5+ Kf7 37. Bd2 Ne6 38. Qb1 Kg8 39. Rh6 Nf8 40. Qh1 Nd4 41. Rh8+ Kf7 42. Qh6 Nde6 43. f4 Rb8 44. fxe5 fxe5 45. Rxf8+ Nxf8 46. Qg7+ Ke8 47. Qxe5+ Ne6 48. Nd6+ Kf8 49. Qh8# 1-0

[Event "48th Continental Open"]
[Site "Sturbridge, MA"]
[Date "2018.08.19"]
[Round "7.13"]
[White "Chen, Jacob"]
[Black "Poliannikov, Danila"]
[Result "1-0"]
[ECO "C44"]
[WhiteElo "2084"]
[BlackElo "1994"]
[PlyCount "111"]
[EventDate "2018.08.??"]
[EventType "swiss"]
[EventRounds "9"]
[EventCountry "USA"]
[TimeControl "6000+10"]
[WhiteClock "0:00:58"]
[BlackClock "0:02:19"]

1. e4 e5 2. Nf3 Nc6 3. c3 Nf6 4. d4 exd4 5. e5 Nd5 6. cxd4 d6 7. Bb5 Be7 8. O-O O-O 9. Nc3 Nb6 10. h3 Bf5 11. Be3 a6 12. Bxc6 bxc6 13.
Qe2 d5 14. Rac1 Bd7 15. Rfd1 Re8 16. Ne1 f5 17. f4 a5 18. Nd3 Bb4 19. Nb1 Nc4 20. Nd2 Bxd2 21. Bxd2 a4 22. Bb4 Qh4 23. Qf2 Qxf2+ 24. Kxf2 a3 25. b3 Nb2 26. Rd2 Nxd3+ 27. Rxd3 Kf7 28. Bd2 Reb8 29. Rb1 Bc8 30. Rc3 Rb6 31. Rc5 Ke6 32. Ba5 Rba6 33. Bxc7 R8a7 34. Bd6 Bd7 35. Rc2 Ra8 36. Bb4 Rb8 37. Bd2 g6 38. b4 Ra4 39. Rb3 Rb6 40. Rc1 h5 41. Re1 Rb8 42. Ree3 Rba8 43. Ke1 R8a6 44. Kd1 Ra8 45. Kc2 Be8 46. Bc1 Bd7 47. Rxa3 Rxa3 48. Rxa3 Rxa3 49. Bxa3 Bc8 50. h4 Ba6 51. Bc1 Bb5 52. a3 Ba4+ 53.
Kc3 Bd1 54. b5 cxb5 55. Kb4 Be2 56. Kc5 1-0

[Event "48th Continental Open"]
[Site "Sturbridge, MA"]
[Date "2018.08.19"]
[Round "7.14"]
[White "Kavi, Nithin"]
[Black "Padmanabhan, Karthik"]
[Result "1/2-1/2"]
[ECO "A13"]
[WhiteElo "1995"]
[BlackElo "1879"]
[PlyCount "65"]
[EventDate "2018.08.??"]
[EventType "swiss"]
[EventRounds "9"]
[EventCountry "USA"]
[TimeControl "6000+10"]
[WhiteClock "1:26:10"]
[BlackClock "0:04:32"]

1. Nf3 Nf6 2. c4 e6 3. g3 d5 4. d4 Be7 5. Bg2 O-O 6. O-O dxc4 7. Qc2 a6 8. a4 a5 9. Qxc4 Na6 10. Bf4 Nd5 11. Bd2 Nab4 12. Nc3 c6 13.
e4 Nf6 14. Qb3 b6 15. Rfe1 Ba6 16. Na2 Nd3 17. Re3 c5 18. Qc2 c4 19. h3 Rc8 20. Bc3 Nb4 21. Qd2 Bb7 22. Ne5 Nd7 23. Nxd7 Qxd7 24. Nxb4 axb4 25. Bxb4 Bxb4 26. Qxb4 Qxd4 27. a5 Qc5 28.
Qxc5 Rxc5 29. a6 Ba8 30. Rc3 Rfc8 31. e5 b5 32. Bb7 Rb8 33.
Bxa8 1/2-1/2

[Event "48th Continental Open"]
[Site "Sturbridge, MA"]
[Date "2018.08.19"]
[Round "7.16"]
[White "Riddell, John"]
[Black "Kang, Dorian"]
[Result "0-1"]
[ECO "B31"]
[WhiteElo "2103"]
[BlackElo "1853"]
[PlyCount "62"]
[EventDate "2018.08.??"]
[EventType "swiss"]
[EventRounds "9"]
[EventCountry "USA"]
[TimeControl "6000+10"]
[WhiteClock "0:00:02"]
[BlackClock "0:13:50"]

1. e4 c5 2. Nf3 Nc6 3. Bb5 g6 4. O-O Bg7 5. Re1 Nf6 6. c3 O-O 7. d4 d5 8. exd5 Qxd5 9. c4 Qd6 10. dxc5 Qxc5 11. Be3 Qh5 12. h3 Rd8 13. Qe2 Bf5 14. Nbd2 Nb4 15. Nf1 Bd3 16. Qd2 Bxc4 17. Qxb4 Qxb5 18. Qxe7 Nd5 19. Qh4 Bxf1 20. Rxf1 Nxe3 21. fxe3 h6 22. Rf2 Rd7 23. Raf1 Re8 24. Nd4 Qd5 25. Qf4 Kh7 26. b3 f5 27. Rd2 Re4 28. Qb8 Qa5 29. Rfd1 Rxe3 30. Nf3 Rxd2 31. Rxd2 Rxf3 0-1